 Dungeon Crawl Stone Soup version 0.24.0-1-gfbc8707 (webtiles) character file.

Game seed: 12309208214567533862, levelgen mode: deterministic

312 Fang the Skirmisher (level 6, -2/39 HPs)
             Began as a Gargoyle Berserker on Oct 29, 2019.
             Was a Believer of Trog.
             Slain by an iguana (5 damage)
             ... on level 4 of the Dungeon.
             The game lasted 00:01:53 (2891 turns).

Fang the Skirmisher (Gargoyle Berserker)            Turns: 2891, Time: 00:01:54

Health: -2/39      AC: 13    Str: 22    XL:     6   Next: 42%
Magic:  6/6        EV:  9    Int:  8    God:    Trog [**....]
Gold:   195        SH:  0    Dex:  9    Spells: 5/5 levels left

rFire    . . .     SeeInvis .   a - +0 hand axe
rCold    . . .     Gourm    .   (no shield)
rNeg     + + .     Faith    .   b - +0 chain mail
rPois    ∞         Spirit   .   (no helmet)
rElec    +         Reflect  .   (no cloak)
rCorr    .         Harm     .   (no gloves)
MR       +....                  (no boots)
Stlth    ..........             (no amulet)
HPRegen  0.13/turn              i - ring of positive energy
MPRegen  0.10/turn              l - ring of protection from magic

@: no status effects
A: negative energy resistance 1, electricity resistance, unbreathing,
petrification resistance, rot immunity, AC +4
a: Berserk, Trog's Hand, Renounce Religion


You were on level 4 of the Dungeon.
You worshipped Trog.
Trog was pleased with you.
You were hungry.

You visited 1 branch of the dungeon, and saw 4 of its levels.

You collected 195 gold pieces.

Inventory:

Hand Weapons
 a - a +0 hand axe (weapon)
Armour
 b - a +0 chain mail (worn)
Jewellery
 i - a ring of positive energy (left hand)
 l - a ring of protection from magic (right hand)
 q - a +2 ring of evasion {unknown}
Wands
 m - a wand of enslavement (7)
Scrolls
 d - 3 scrolls of identify {unknown}
 e - a scroll of immolation {unknown}
 f - a scroll of enchant weapon {unknown}
 g - 2 scrolls of teleportation {unknown}
 j - 2 scrolls of fog {unknown}
 o - a scroll of remove curse {unknown}
Potions
 h - a potion of flight {unknown}
 k - a potion of haste {unknown}
 p - a potion of cancellation {unknown}
Comestibles
 c - 4 rations
 n - 4 chunks of flesh


   Skills:
 + Level 4.7 Fighting
 + Level 3.9 Axes
 + Level 4.0 Armour
 + Level 3.0 Dodging


You had 5 spell levels left.
You didn't know any spells.
Your spell library was empty.

Dungeon Overview and Level Annotations

Branches:
Dungeon (4/15)
 Temple: D:4-7

Altars:
Cheibriados
Dithmenos
Wu Jian
Yredelemnul


Innate Abilities, Weirdness & Mutations

You are resistant to torment.
Your stone body is resilient. (AC +4)
You are immune to poison.
You resist negative energy. (rN+)
You are resistant to electric shocks. (rElec)
You can survive without breathing.
You are immune to petrification.
You are immune to rotting.


Message History

Your Dodging skill increases to level 3!
You feel a bit more experienced.
You slash the iguana!
The iguana is heavily wounded.
The iguana bites you!
You slash the iguana!
The iguana is almost dead.
The iguana bites you.
* * * LOW HITPOINT WARNING * * *
You closely miss the iguana.
The iguana is almost dead.
The iguana closely misses you. The iguana barely misses you.
You barely miss the iguana.
The iguana is almost dead.
The iguana bites you!
* * * LOW HITPOINT WARNING * * *
You barely miss the iguana.
The iguana is almost dead.
The iguana bites you.
You die...

.. .. ## # .. .. #. .. #. .
.. .###. .. #.^Z# # .. #
#.#l# #.# ..
#..##..@###...#
#.............
#####......... ###
###......... #.#
##....................
#.###.....................
##..#......................
#..........................
####.......................


You could see an iguana and a jackal skeleton.

Vanquished Creatures
  A centaur (D:3)
  A bullfrog zombie (D:4)
  Terence (D:2)
  An orc wizard (D:4)
  5 gnolls
  2 adders
  3 oozes
  2 dart slugs
  A leopard gecko (D:2)
  4 orcs (D:3)
  5 bats
  A giant cockroach (D:1)
  6 goblins
  5 hobgoblins
  9 jackals
  5 kobolds
  9 frilled lizards
  8 rats
69 creatures vanquished.

Notes
Turn   | Place    | Note
-------+----------+-------------------------------------------
     0 | D:1      | Fang the Gargoyle Berserker began the quest for the Orb.
     0 | D:1      | Reached XP level 1. HP: 14/14 MP: 1/1
   160 | D:1      | Reached XP level 2. HP: 14/19 MP: 2/2
   350 | D:1      | Reached XP level 3. HP: 23/23 MP: 3/3
  1040 | D:2      | Noticed Terence
  1044 | D:2      | Reached ** piety under Trog
  1058 | D:2      | Killed Terence
  1058 | D:2      | Reached XP level 4. HP: 21/29 MP: 4/4
  1315 | D:2      | Found a basalt altar of Yredelemnul.
  2132 | D:3      | Found an ornate altar of the Wu Jian Council.
  2168 | D:3      | Noticed a centaur
  2187 | D:3      | Killed a centaur
  2187 | D:3      | Reached XP level 5. HP: 24/34 MP: 5/5
  2543 | D:3      | You fall into a shaft and drop 1 floor!
  2592 | D:4      | Reached XP level 6. HP: 36/39 MP: 6/6
  2679 | D:4      | Found a snail-covered altar of Cheibriados.
  2688 | D:4      | Found a shadowy altar of Dithmenos.
  2891 | D:4      | Slain by an iguana

Levels and vault maps discovered:
D:1:      dpeg_arrival_erosion, layout_basic
D:2:      layout_loops_ring, lemuel_crystal_altar, uniq_terence
D:3:      layout_loops_ring, lemuel_round_altar, minmay_misc_feat_rows
D:4:      layout_layer_cave, amethyst_overflow_temple_binary,
          minmay_starry_boxes

Skill      XL: |  1  2  3  4  5  6 |
---------------+-------------------+-----
Axes           | 3 |  3.9
Dodging        | 2 3 |  3.0
Armour         | 3 4 |  4.0
Fighting       | 4 |  4.7

Action                   |  1- 3 |  4- 6 || total
-------------------------+-------+-------++-------
Melee: Hand axe          |    88 |   227 ||   315
Invok: Berserk           |     2 |       ||     2
  Eat: Chunk             |     1 |     7 ||     8
Armor: Animal skin       |    25 |    17 ||    42
       Chain mail        |       |   158 ||   158
Dodge: Dodged            |    56 |   129 ||   185
